 Dungeon Sprint DCSS version 0.30-a0-956-gcec3b41aec (webtiles) character file.

Game seed: 4000876056637859393

2485 Parcival the Cleaver (level 9, -1/92 HPs)
             Began as a Minotaur Fighter on Mar 29, 2023.
             Slain by an orc warrior
             ... wielding a +0 dire flail
              (8 damage)
             ... in the Dungeon (Sprint III: "The Ten Rune Challenge").
             The game lasted 00:01:28 (717 turns).

Parcival the Cleaver (Minotaur Fighter)              Turns: 717, Time: 00:01:29

Health: -1/92      AC:  9    Str: 25    XL:     9   Next: 27%
Magic:  8/8        EV: 11    Int:  5    God:
Gold:   1334       SH:  6    Dex: 10    Spells: 8/8 levels left

rFire   . . .      SeeInvis .    a - +0 war axe
rCold   . . .      Faith    .    c - +0 buckler
rNeg    . . .      Spirit   .    b - +0 scale mail
rPois   .          Reflect  .    (helmet restricted)
rElec   .          Rampage  .    (no cloak)
rCorr   .          NoTele   +    (no gloves)
Will    .....                    (no boots) Stlth
                                 (no amulet)
HPRegen 0.35/turn                (no ring)
MPRegen 0.11/turn                (no ring)

@: no status effects
A: horns 2, retaliatory headbutt
a: no special abilities


You were in the Dungeon.
You visited 1 branch You collected 1334 gold pieces.

Inventory:

Hand Weapons
 a - a +0 war axe (weapon)
Armour
 b - a +0 scale mail (worn)
 c - a +0 buckler (worn)
Wands
 l - a wand of acid (10)
Scrolls
 j - a scroll of blinking
 k - a scroll of butterflies {unknown}
Potions
 d - a potion of might
 e - 2 potions of curing
 f - 2 potions of heal wounds
 g - a potion of haste
 h - 2 potions of magic
 i - a potion of berserk rage


   Skills:
 + Level 12.6 Fighting
 + Level 14.0 Axes
 + Level 13.7 Armour
 + Level 5.1 Dodging
 + Level 10.9 Shields


You had 8 spell levels left.
You didn't know any spells.
Your spell library was empty.

Dungeon Overview and Level Annotations

Branches:
Dungeon (1/1)

Altars:
Dithmenos
Elyvilon
Okawaru
Ru
Trog
Uskayaw
Wu Jian
Yredelemnul
Zin
The Shining One


Innate Abilities, Weirdness & Mutations

You have a pair of horns on your head.
You reflexively headbutt those who attack you in melee.


Message History

Items here: $ ))))))))) [[[[[ ††††††††.
The orc warrior hits you with a +1 vampiric glaive!
* * * LOW HITPOINT WARNING * * *
You closely miss the orc warrior. You headbutt the orc warrior.
The orc warrior is lightly wounded.
The orc warrior barely misses you. You furiously retaliate!
You headbutt the orc warrior! You closely miss the orc warrior.
You headbutt the orc warrior.
The orc warrior is heavily wounded.
The orc warrior hits you with a +1 vampiric glaive!
* * * LOW HITPOINT WARNING * * *
The orc warrior draws strength from your wounds!
You closely miss the orc warrior.
The orc warrior is heavily wounded.
You closely miss the orc warrior.
The orc warrior is heavily wounded.
The orc warrior hits you with a +1 vampiric glaive!
* * * LOW HITPOINT WARNING * * *
The orc warrior draws strength from your wounds!
You slash the orc warrior!
The orc warrior is heavily wounded.
You block the orc warrior's attack.
You slice the orc warrior!!
You kill the orc warrior!
Your Axes skill increases to level 14!
You now have 1334 gold pieces.
Items here: ))))) [[[ †.
You can't wield that with only one hand.
An orc warrior comes into view. It is wielding a +0 dire flail.
The orc warrior shouts!
There is an open door to the Orcish Mines, spattered with blood here.
Items here: $ ))))))))) [[[[[ ††††††††.
The orc warrior hits you but does no damage.
Items here: ))) [[[ †††.
The orc warrior hits you with a +0 dire flail!
* * * LOW HITPOINT WARNING * * *
You see here 7 gold pieces.
You hit the orc warrior but do no damage.
The orc warrior hits you with a +0 dire flail!
You die...

▓▓▓ ##.############ ##
###
#..#___#___#__##$###$.#
#..#...#__)#._#$.......
#..###'#'###)##$$......
+#..#...)......#.$......
#...'.⌠........#@o#
#...#...######'#))#
....#.⌠.# #...#)#####
....#...# #...#.)~§§+
....#+### #...#.#§§§#
....# #...'.#§§.# ....#
+...#.#§..# ▓▓▓▓▓
▓▓▓▓▓▓▓▓▓▓▓


You could see an orc warrior.

Vanquished Creatures
  Josephine (D)
  A deep elf pyromancer (D)
  An orc sorcerer (D)
  A shadow (D)
  2 orc warriors (D)
  A necrophage (D)
  A water elemental (D)
  A scorpion (D)
  A jelly (D)
  2 orc priests (D)
  Jessica (D)
  4 orc wizards (D)
  A necromancer (D)
  3 humans (D)
  8 orcs (D)
  An endoplasm (D)
  2 rats (D)
32 creatures vanquished.

Vanquished Creatures (others)
  A plant (D)
1 creature vanquished.

Grand Total: 33 creatures vanquished

Notes
Turn   | Place    | Note
-------+----------+-------------------------------------------
     0 | D        | Parcival the Minotaur Fighter began the quest for the Orb.
     0 | D        | Reached XP level 1. HP: 19/19 MP: 0/0
    47 | D        | Noticed Jessica
    52 | D        | Killed Jessica
    53 | D        | Reached skill level 5 in Fighting
    53 | D        | Reached skill level 3 in Axes
    53 | D        | Reached skill level 5 in Armour
    53 | D        | Reached skill level 5 in Shields
    53 | D        | Reached XP level 2. HP: 19/29 MP: 1/1
    99 | D        | Reached XP level 3. HP: 36/36 MP: 2/2
   104 | D        | Noticed a scorpion
   107 | D        | Killed a scorpion
   108 | D        | Reached skill level 4 in Axes
   108 | D        | Reached XP level 4. HP: 28/45 MP: 3/3
   269 | D        | Noticed a water elemental
   276 | D        | Killed a water elemental
   277 | D        | Reached skill level 5 in Axes
   277 | D        | Reached skill level 1 in Dodging
   277 | D        | Reached XP level 5. HP: 18/53 MP: 4/4
   405 | D        | Found a glowing silver altar of Zin.
   405 | D        | Found a glowing golden altar of the Shining One.
   405 | D        | Found a white marble altar of Elyvilon.
   406 | D        | Noticed a deep elf pyromancer
   416 | D        | Killed a deep elf pyromancer
   417 | D        | Reached skill level 10 in Fighting
   417 | D        | Reached skill level 8 in Axes
   417 | D        | Reached skill level 10 in Armour
   417 | D        | Reached XP level 6. HP: 57/66 MP: 5/5
   417 | D        | Reached XP level 7. HP: 63/72 MP: 6/6
   452 | D        | Found a hide-covered altar of Uskayaw.
   452 | D        | Found an iron altar of Okawaru.
   452 | D        | Found a bloodstained altar of Trog.
   452 | D        | Found an ornate altar of the Wu Jian Council.
   452 | D        | Noticed a human
   452 | D        | Noticed a human
   463 | D        | Killed a human
   464 | D        | Reached skill level 9 in Axes
   464 | D        | Killed a human
   578 | D        | Found a basalt altar of Yredelemnul.
   578 | D        | Found a shadowy altar of Dithmenos.
   578 | D        | Found a sacrificial altar of Ru.
   592 | D        | Reached skill level 10 in Shields
   599 | D        | Noticed a shadow
   603 | D        | Reached skill level 10 in Axes
   607 | D        | Killed a shadow
   608 | D        | Reached XP level 8. HP: 70/82 MP: 7/7
   654 | D        | Noticed Josephine
   669 | D        | Reached skill level 11 in Axes
   671 | D        | Killed Josephine
   672 | D        | Reached skill level 12 in Axes
   672 | D        | Noticed an orc sorcerer
   673 | D        | Reached XP level 9. HP: 42/90 MP: 8/8
   688 | D        | Killed an orc sorcerer
   689 | D        | Reached skill level 13 in Axes
   689 | D        | Reached skill level 5 in Dodging
   703 | D        | Reached skill level 14 in Axes
   717 | D        | Slain by an orc warrior

Illustrated notes

Levels and vault maps discovered:
D:        dungeon_sprint_mu [sprint_mu_entry_cave, sprint_mu_temple_rooms,
          sprint_mu_d1_horrors, sprint_mu_d2_genie, sprint_mu_d3_branching,
          sprint_mu_orc_legion, sprint_mu_elf_gauntlet, sprint_mu_hive_nellie,
          sprint_mu_lair_fedhas, sprint_mu_vaults_butterflies,
          sprint_mu_slime_circle, sprint_mu_swamp_cave, sprint_mu_shoals_kraken,
          sprint_mu_blade_basic, sprint_mu_crypt_chambers,
          sprint_mu_tomb_spiral, sprint_mu_vestibule_basic,
          sprint_mu_gehenna_hellfire, sprint_mu_dis_giant,
          sprint_mu_tartarus_statrot, sprint_mu_cocytus_islands, sprint_mu_zot1]

Skill      XL: |  1  2  3  4  5  6  7  8  9 |
---------------+----------------------------+-----
Fighting       | 5 6 7 10 11 12 | 12.6
Armour         | 5 6 7 10 12 13 | 13.7
Shields        | 5 6 7 9 10 | 10.9
Axes           | 3 4 5 8 10 12 14 | 14.0
Dodging        | 1 2 3 4 5 |  5.1

Action                     |  1- 3 |  4- 6 |  7- 9 || total
---------------------------+-------+-------+-------++-------
  Melee: War axe           |     9 |    21 |    69 ||    99
         Headbutt          |     2 |     4 |    11 ||    17
    Use: Potion            |       |       |     1 ||     1
 Armour: Scale mail        |     2 |     4 |    17 ||    23
  Dodge: Dodged            |     3 |     9 |    27 ||    39
  Block: Buckler           |     2 |     3 |    12 ||    17

Table legend: (Time is in decaauts)
 A = Elapsed time spent in this place.
 B = Non-inter-level travel time spent in this place.
 C = Inter-level travel time spent in this place.
 D = Time resting spent in this place.
 E = Time spent auto-exploring this place.
 F = Levels seen in this place.
 G = Mean time per level.
                   A        B        C        D        E       F      G
               +--------+--------+--------+--------+--------+-----+--------+
         Total |    724 |    724 |      0 |      0 |    553 |   1 |  724.0 |
       Dungeon |    724 |    724 |      0 |      0 |    553 |   1 |  724.0 |
               +--------+--------+--------+--------+--------+-----+--------+

Top non-repeatable levels by time:
       D: 724 daAuts
